 Dungeon Crawl Stone Soup version 0.19-a0-648-g4b37c69 (webtiles) character file.

65 Justinthyme the Grave Robber (level 3, -1/24 HPs)
             Began as a Mummy Necromancer on June 14, 2016.
             Slain by an orc priest
             ... wielding a +0 club
              (3 damage)
             ... on level 2 of the Dungeon.
             The game lasted 00:14:44 (3882 turns).

Justinthyme the Grave Robber (Mummy Necromancer)    Turns: 3882, Time: 00:14:47

Health: -1/24      AC:  3    Str: 11    XL:     3   Next: 92%
Magic:  4/7        EV: 12    Int: 15    God:
Gold:   62         SH:  0    Dex: 12    Spells: 2 memorised, 4 levels left

rFire  x . .     SeeInvis .     k - +1 spear
rCold  + . .     Gourm    .     a - +1 robe
rNeg   + + +     Faith    .     (no shield)
rPois  ∞         Spirit   .     (no helmet)
rElec  .         Dismiss  .     (no cloak)
rCorr  .         Reflect  .     (no gloves)
SustAt .         Harm     .     (no boots)
MR     .....                    (no amulet)
Stlth  ++........               (no ring)
                                (no ring)

@: slowed, very slow, not resistant to hostile enchantments, unstealthy
A: no food or potions, fire vulnerability, cold resistance 1, negative energy
resistance 3, torment resistance, unbreathing
a: no special abilities


You were on level 2 of the Dungeon.
You were not hungry.

You visited 1 branch of the dungeon, and saw 3 of its levels.

You collected 62 gold pieces.

Inventory:

Hand Weapons
 e - a +0 hunting sling
 k - a +1 spear (weapon)
Armour
 a - a +1 robe (worn)
Jewellery
 f - an uncursed ring of resist corrosion {unknown}
Wands
 d - a wand of iceblast (9/15)
Scrolls
 c - a scroll of remove curse
 h - 2 scrolls of noise
Books
 b - a book of Necromancy

   Spells                             Type                      Level
   a - Pain                           Necromancy                   1
   b - Animate Skeleton               Necromancy                   1
   c - Vampiric Draining              Necromancy                   3
   d - Regeneration                   Charms/Necromancy            3
   e - Animate Dead                   Necromancy                   4
   f - Control Undead                 Necromancy                   4


   Skills:
 + Level 1.5 Dodging
 - Level 1.5 Stealth
 - Level 3.2 Spellcasting
 * Level 4.7 Necromancy


You had 4 spell levels left.
You knew the following spells:

 Your Spells              Type           Power        Failure   Level  Hunger
a - Pain                  Necr           ###.         2%          1    N/A
b - Vampiric Draining     Necr           ###.......   10%         3    N/A

Dungeon Overview and Level Annotations

Branches:
Dungeon (3/15)

Altars:

Annotations:
D:3 Grinder, Natasha


Innate Abilities, Weirdness & Mutations

You do not eat or drink.
Your flesh is vulnerable to fire.
You are immune to poison.
Your flesh is cold resistant. (rC+)
You are immune to negative energy. (rN+++)
You are immune to unholy pain and torment.
You can survive without breathing.


Message History

There is a stone staircase leading down here.
As you read the scroll labeled MOECHU RAWIR, it crumbles to dust.
You feel blessed for a moment.
It was a scroll of remove curse.
The orc hits you with a falchion!
* * * LOW HITPOINT WARNING * * *
The orc priest hits you but does no damage.
The orc closely misses you. The orc hits you but does no damage.
Casting: Pain
Confirm with . or Enter, or press ? or * to list all spells.
Aiming: Vampiric Draining
Press: ? - help, Shift-Dir - straight line, f - orc
Aim: an orc, wielding a falchion and wearing a leather armour The orc is heavily wounded.
You feel life coursing into your body. The orc priest hits you with a club.
* * * LOW HITPOINT WARNING * * *
The orc hits you.
* * * LOW HITPOINT WARNING * * *
The orc misses you. The orc barely misses you.
The orc priest hits you with a club.
You die...

#.# #..# #....#
#.# #..# #...##
#.# #..# #...# #.#
#..# #...#
#.#####..###...#
#............#.#
#######..###.#.###
##o..##..# #.#....
#@o......# #.#####
#o##....## #.#
#.##....####.#####
#....[.....#......
#........#.#######
#.......)#.#
#.......##.#######
####....##........
#.................


You could see an orc priest and 2 orcs.

Vanquished Creatures
  An ooze (D:2)
  3 worms
  A dart slug (D:1)
  A giant gecko (D:1)
  2 orcs (D:3)
  A ball python (D:1)
  5 bats
  4 giant cockroaches
  2 hobgoblins
  4 jackals
  6 kobolds
  2 quokkas (D:2)
  4 giant newts
  4 goblins
  2 rats
42 creatures vanquished.

Notes
Turn   | Place    | Note
--------------------------------------------------------------
     0 | D:1      | Justinthyme the Mummy Necromancer began the quest for the Orb.
     0 | D:1      | Reached XP level 1. HP: 13/13 MP: 3/3
   533 | D:1      | Reached XP level 2. HP: 19/19 MP: 2/5
  1360 | D:2      | Reached XP level 3. HP: 24/24 MP: 5/7
  1365 | D:2      | Learned a level 3 spell: Vampiric Draining
  3502 | D:3      | Noticed Grinder
  3608 | D:3      | Noticed Natasha
  3882 | D:2      | Slain by an orc priest

Vault maps used:
D:1:      minmay_arrival_shattered_statue
D:3:      minmay_misc_feat_four_crosses, uniq_grinder, uniq_sigmund,
          uniq_natasha, uniq_jessica

Skill      XL: |  1  2 |
---------------+-------+-----
Spellcasting   | 3 |  3.2
Dodging        | |  1.5
Stealth        | |  1.5
Necromancy     | |  4.7

Action                   || total
-------------------------++-------
Melee: Unarmed           ||     8
       Dagger            ||    16
       Spear             ||     2
 Cast: Pain              ||    94
       Vampiric Draining ||     3
  Use: Scroll            ||     8
 Stab: Sleeping          ||     1
Armor: Robe              ||    12
Dodge: Dodged            ||    31
